 Dungeon Crawl Stone Soup version 0.24-a0-365-ga4d96b6e6e (webtiles) character file.

Game seed: 13604540690674885913

134 MrOobling the Skirmisher (level 4, -9/38 HPs)
             Began as a Demonspawn Wanderer on May 27, 2019.
             Killed by nerve-wracking pain
             ... invoked by an orc priest
              (10 damage)
             ... on level 4 of the Dungeon.
             The game lasted 00:16:57 (3231 turns).

MrOobling the Skirmisher (Demonspawn Wanderer)      Turns: 3231, Time: 00:16:58

Health: -9/38      AC:  7    Str: 10    XL:     4   Next: 95%
Magic:  5/5        EV: 10    Int: 14    God:
Gold:   128        SH:  0    Dex: 15    Spells: 4/4 levels left

rFire    . . .     SeeInvis .   i - +0 hand axe
rCold    . . .     Gourm    .   (no shield)
rNeg     . . .     Faith    .   o - +1 scale mail
rPois    .         Spirit   .   (no helmet)
rElec    .         Reflect  .   (no cloak)
rCorr    .         Harm     .   (no gloves)
MR       .....                  (no boots)
Stlth    +.........             (no amulet)
HPRegen  0.12/turn              (no ring)
MPRegen  0.09/turn              (no ring)

@: no status effects
A: repulsion field 1
a: no special abilities


You were on level 4 of the Dungeon.
You were hungry.

You visited 1 branch of the dungeon, and saw 4 of its levels.

You collected 128 gold pieces.

Inventory:

Hand Weapons
 a - a +0 dagger
 i - a +0 hand axe (weapon)
Armour
 e - a +0 robe
 o - a +1 scale mail (worn)
 p - a +0 pair of gloves
Wands
 d - a wand of random effects (15)
 w - a wand of digging (5)
Scrolls
 b - a scroll of fear
 c - 4 scrolls of teleportation
 h - a scroll of random uselessness
 k - a scroll of enchant armour
 m - a scroll of magic mapping {unknown}
 q - a scroll of identify
 r - a scroll of enchant weapon {unknown}
 v - 2 scrolls of remove curse
Potions
 f - a potion of haste
 j - a potion of heal wounds
 l - 2 potions of agility {unknown}
 n - a potion of ambrosia {unknown}
 s - a potion of brilliance {unknown}
 t - a potion of flight {unknown}
 u - a potion of curing {unknown}
Comestibles
 g - 4 rations


   Skills:
 + Level 4.8 Fighting
 + Level 2.0 Axes
 + Level 1.9 Armour
 - Level 0.7 Dodging
 - Level 1.7 Stealth
   Level 1.0 Shields
 - Level 1.7 Unarmed Combat
 - Level 0.8 Spellcasting
 - Level 1.0 Evocations


You had 4 spell levels left.
You didn't know any spells.
Your spell library was empty.

Dungeon Overview and Level Annotations

Branches:
Dungeon (4/15)
 Temple: D:4-7

Altars:
Elyvilon
Zin

Shops:
D:4 (

Annotations:
D:2 1 exclusion, Sigmund


Innate Abilities, Weirdness & Mutations

You are surrounded by a mild repulsion field. (EV +2)


Message History

The orc priest mumbles some strange prayers to Beogh against you.
Beogh smites you!
The orc hits you from afar with a +0 trident.
* * * LOW HITPOINT WARNING * * *
The orc barely misses you. The orc priest hits you with a +0 mace.
* * * LOW HITPOINT WARNING * * *
You barely miss the orc. You closely miss the orc priest.
The orc hits you from afar with a +0 trident.
* * * LOW HITPOINT WARNING * * *
The orc hits you with a +2 whip of flaming.
* * * LOW HITPOINT WARNING * * *
The orc burns you.
* * * LOW HITPOINT WARNING * * *
The orc priest begins to cast a cantrip, but forgets the words!
You hit the orc.
The orc is moderately wounded.
You hit the orc priest. The orc hits you but does no damage. x2
The orc priest mumbles some strange prayers to Beogh against you.
Pain shoots through your body!
You die...

##.. #.# . ...
#.# .# #.. #.#
### #.####.o
#.#
#..###........
#.# #.#.#.# #.
#.# #.#..# ##'
#o###.#.# ##..
#@oo5...#
##o..
#####.#.##
##....
#....####.....
#..o....'o....
#....####.....
#?#.## ##....
#.... ##...
####.# ##.. .
##'


You could see an orc priest, a crimson imp and 2 orcs.

Vanquished Creatures
  2 hounds (D:4)
  3 adders
  A worm (D:4)
  A dart slug (D:1)
  3 leopard geckos (D:4)
  6 bats
  2 giant cockroaches
  4 goblins
  8 hobgoblins
  A quokka (D:3)
  A ball python (D:2)
  2 kobolds
  5 rats
39 creatures vanquished.

Notes
Turn   | Place    | Note
-------+----------+-------------------------------------------
     0 | D:1      | MrOobling the Demonspawn Wanderer began the quest for the
                  | Orb.
     0 | D:1      | MrOobling set off with the following items: a +0 dagger, a
                  | scroll of fear, a scroll of teleportation, a wand of random
                  | effects (15), a +0 robe, a potion of haste, a ration
     0 | D:1      | Reached XP level 1. HP: 19/19 MP: 1/1
   342 | D:1      | Gained mutation: You are surrounded by a mild repulsion
                  | field. (EV +2) [demonic ancestry]
   342 | D:1      | Reached XP level 2. HP: 24/25 MP: 2/2
  1381 | D:2      | Found a white marble altar of Elyvilon.
  2081 | D:2      | Reached XP level 3. HP: 22/31 MP: 4/4
  2093 | D:2      | Reached skill level 1 in Axes
  2166 | D:2      | Noticed Sigmund
  2198 | D:3      | Reached skill level 1 in Armour
  2372 | D:3      | Found a glowing silver altar of Zin.
  2766 | D:4      | Found Josi's Antique Weapon Shoppe.
  2855 | D:4      | Reached XP level 4. HP: 38/38 MP: 5/5
  3230 | D:4      | HP: 1/38 [orc/+2 whip of flaming (1)]
  3231 | D:4      | Killed from afar by an orc priest

Levels and vault maps discovered:
D:1:      matt_arrival_grand_opening, layout_basic
D:2:      layout_basic, overflow_temple_1_default, grunt_decor_resistance,
          uniq_sigmund
D:3:      kennysheep_big_flooded_room, layout_rooms,
          lemuel_coloured_pillars_altar, minmay_crystal_water,
          hangedman_decor_peaks_small
D:4:      layout_loops_corners, serial_shops, shop, gup_sewer_entry_spiral,
          nemelex_diamond_rough_becter

Skill      XL: |  1  2  3  4 |
---------------+-------------+-----
Axes           | 1 2 |  2.0
Armour         | 1 |  1.9
Fighting       | |  4.8
Dodging        | |  0.7
Stealth        | |  1.7
Shields        | |  1.0
Unarmed Combat | |  1.7
Spellcasting   | |  0.8
Evocations     | |  1.0

Action                   |  1- 3 |  4- 6 || total
-------------------------+-------+-------++-------
Melee: Dagger            |    30 |       ||    30
       Hand axe          |   181 |    54 ||   235
  Use: Scroll            |     4 |       ||     4
       Potion            |     1 |       ||     1
 Stab: Sleeping          |     6 |       ||     6
  Eat: Chunk             |     6 |     1 ||     7
Armor: Robe              |    26 |       ||    26
       Scale mail        |    86 |    29 ||   115
Dodge: Dodged            |   140 |    33 ||   173

Table legend:
 A = Non-vault XP
 B = Vault XP
 C = Vault XP percentage of total XP
 D = Non-vault monster count
 E = Vault monster count
 F = Vault count percentage of total count
                 A         B        C        D         E       F
            +---------+---------+-------+---------+---------+-------
      Total |     192 |       0 |   0.0 |      39 |       0 |   0.0
            +---------+---------+-------+---------+---------+-------
        D:1 |      30 |       0 |   0.0 |      18 |       0 |   0.0
        D:2 |      27 |       0 |   0.0 |       9 |       0 |   0.0
        D:3 |      34 |       0 |   0.0 |       6 |       0 |   0.0
        D:4 |     101 |       0 |   0.0 |       6 |       0 |   0.0
            +---------+---------+-------+---------+---------+-------
